 Dungeon Crawl Stone Soup version 0.29-a0-275-g389c0b56f3 (webtiles) character file.

Game seed: 10090711209561293832

44 testman the Ruffian (level 3, -3/33 HPs)
             Began as a Ghoul Monk on Mar 9, 2022.
             Slain by Crazy Yiuf
             ... wielding a +4 quarterstaff of chaos
              (9 damage)
             ... on level 3 of the Dungeon.
             The game lasted 00:04:44 (1979 turns).

testman the Ruffian (Ghoul Monk)                    Turns: 1979, Time: 00:04:45

Health: -3/33      AC:  4    Str: 16    XL:     3   Next: 60%
Magic:  0/2        EV: 12    Int:  5    God:
Gold:   152        SH:  0    Dex: 11    Spells: 2/2 levels left

rFire   . . .      SeeInvis .     - Unarmed
rCold   + . .      Faith    .   (no shield)
rNeg    + + +      Spirit   .   k - +0 leather armour
rPois   ∞          Reflect  .   j - +0 helmet
rElec   .          Harm     .   (no cloak)
rCorr   .          Rampage  .   (no gloves)
Will    .....                   (no boots)
Stlth   ++........              (no amulet)
HPRegen 0.00/turn               g - ring of flight
MPRegen 0.08/turn               (no ring)

@: flying, inhibited regen
A: claws 1, cold resistance 1, negative energy resistance 3, inhibited
regeneration, torment resistance 2
a: no special abilities


You were on level 3 of the Dungeon.
You visited 1 branch of the dungeon, and saw 3 of its levels.

You collected 152 gold pieces.

Inventory:

Missiles
 c - 69 stones (quivered)
Armour
 j - a +0 helmet (worn)
 k - a +0 leather armour (worn)
Jewellery
 g - a ring of flight (left claw)
Scrolls
 a - a scroll of immolation {unknown}
 b - a scroll of amnesia {unknown}
 d - a scroll of summoning {unknown}
 i - a scroll of identify {unknown}
 n - a scroll of teleportation {unknown}
 o - a scroll of magic mapping {unknown}
 p - a scroll of fear {unknown}
Potions
 e - 2 potions of heal wounds {unknown}
 f - a potion of brilliance {unknown}
 h - 3 potions of curing {unknown}
 l - a potion of might {unknown}
 m - 2 potions of degeneration {unknown}
 q - a potion of lignification {unknown}
 r - a potion of attraction {unknown}
 s - 2 potions of flight {unknown}


   Skills:
 + Level 4.2 Fighting
 - Level 2.6 Dodging
 - Level 2.1 Stealth
 + Level 4.2 Unarmed Combat


You had 2 spell levels left.
You didn't know any spells.
Your spell library was empty.

Dungeon Overview and Level Annotations

Branches:
Dungeon (3/15)

Altars:
Uskayaw

Annotations:
D:3 Crazy Yiuf


Innate Abilities, Weirdness & Mutations

You thrive by killing the living.
You are immune to poison.
You have sharp fingernails.
Your flesh is cold resistant. (rC+)
You are immune to negative energy. (rN+++)
You do not regenerate when monsters are visible.
You are immune to unholy pain and torment.


Message History

There is a stone staircase leading down here.
e - 2 blue potions (gained 1)
There is a stone staircase leading down here.
You reach down and open the door.
Found a sedimented blue potion.
Found a hide-covered altar of Uskayaw.
There is an open door here.
m - 2 sedimented blue potions (gained 1)
There is an open door here.
Found a mace.
Found a runed translucent door.
Crazy Yiuf shouts!
You reach down and open the door.
You scratch Crazy Yiuf.
Crazy Yiuf is moderately wounded.
Crazy Yiuf misses you.
You closely miss Crazy Yiuf.
Crazy Yiuf is moderately wounded.
Crazy Yiuf closely misses you.
You scratch Crazy Yiuf.
Crazy Yiuf is heavily wounded.
Crazy Yiuf says, "Defame!
Mugger infinity noodlescoop."
Crazy Yiuf hits you with a +4 quarterstaff of chaos.
You scratch Crazy Yiuf but do no damage.
Crazy Yiuf is heavily wounded.
Crazy Yiuf closely misses you.
You claw Crazy Yiuf!
Crazy Yiuf is almost dead.
Crazy Yiuf hits you with a +4 quarterstaff of chaos!
You feel your power leaking away.
You barely miss Crazy Yiuf.
Crazy Yiuf is almost dead.
Crazy Yiuf grits, "Lay!"
Crazy Yiuf hits you with a +4 quarterstaff of chaos!
* * * LOW HITPOINT WARNING * * *
Crazy Yiuf freezes you.
* * * LOW HITPOINT WARNING * * *
Okay, then.
You barely miss Crazy Yiuf.
Crazy Yiuf is almost dead.
Crazy Yiuf hits you with a +4 quarterstaff of chaos!
You die...

####♣♣ ### ##.#.P♣♣
♣♣#..)#
#......♣♣♣♣@g...#
######.....P.♣..♣#...#
...##..##.P.♣.♣♣♣ ###
....#.####♣♣♣♣♣
....#.# _...'.####
....#....##
....#.##..#
...##.##..##


You could see Crazy Yiuf.

Vanquished Creatures
  An adder (D:3)
  A worm (D:2)
  An orc (D:2)
  2 endoplasms (D:2)
  2 giant cockroaches (D:2)
  2 goblins
  4 hobgoblins
  3 ball pythons
  6 bats
  3 frilled lizards (D:2)
  2 kobolds (D:2)
  4 rats
31 creatures vanquished.

Notes
Turn   | Place    | Note
-------+----------+-------------------------------------------
     0 | D:1      | testman the Ghoul Monk began the quest for the Orb.
     0 | D:1      | Reached XP level 1. HP: 19/19 MP: 0/0
   142 | D:1      | Found a faded altar of an unknown god.
   820 | D:2      | Reached XP level 2. HP: 26/26 MP: 1/1
  1403 | D:2      | Reached XP level 3. HP: 33/33 MP: 2/2
  1948 | D:3      | Found a hide-covered altar of Uskayaw.
  1968 | D:3      | Found a runed translucent door.
  1969 | D:3      | Noticed Crazy Yiuf
  1979 | D:3      | Slain by Crazy Yiuf

Illustrated notes

Levels and vault maps discovered:
D:1:      sevenhm_arrival_forest_fort_small_3, layout_basic,
          hellmonk_ecumenical_altar_zigzags
D:2:      layout_loops_corners
D:3:      layout_rooms, serial_glass, glass_columns_a, glass_columns_a,
          kennysheep_flooded_box, minmay_misc_feat_diagonals,
          corexii_leaking_fountain, st_stairs_6, minmay_gold_behind_fungi,
          nicolae_figureground_pulse, uniq_crazy_yiuf_cottage, uniq_terence,
          uniq_natasha

Skill      XL: |  1  2  3 |
---------------+----------+-----
Fighting       | 4 |  4.2
Unarmed Combat | 4 |  4.2
Dodging        | |  2.6
Stealth        | |  2.1

Action                   || total
-------------------------++-------
Melee: Unarmed           ||   109
       Punch             ||     1
  Use: Potion            ||     1
 Stab: Sleeping          ||     5
Armor: Robe              ||     8
       Leather armour    ||    18
Dodge: Dodged            ||    66

Table legend: (Time is in decaauts)
 A = Elapsed time spent in this place.
 B = Non-inter-level travel time spent in this place.
 C = Inter-level travel time spent in this place.
 D = Time resting spent in this place.
 E = Time spent auto-exploring this place.
 F = Levels seen in this place.
 G = Mean time per level.
                   A        B        C        D        E       F      G
               +--------+--------+--------+--------+--------+-----+--------+
         Total |   1969 |   1828 |    141 |    146 |   1367 |   3 |  656.3 |
       Dungeon |   1969 |   1828 |    141 |    146 |   1367 |   3 |  656.3 |
               +--------+--------+--------+--------+--------+-----+--------+

Top non-repeatable levels by time:
     D:2: 1108 daAuts
     D:1: 784 daAuts
     D:3: 76 daAuts
